 Dungeon Crawl Stone Soup version 0.21.1-1-g345015fe64 (webtiles) character file.

2065 Kholdaimon the Magician (level 9, -1/69 HPs)
             Began as a Gnoll Skald on June 22, 2018.
             Was an Initiate of Okawaru.
             Killed by divine providence
             ... invoked by an orc priest
              (16 damage)
             ... on level 6 of the Dungeon.
             The game lasted 00:52:30 (6584 turns).

Kholdaimon the Magician (Gnoll Skald)               Turns: 6584, Time: 00:52:30

Health: -1/69      AC:  8    Str: 15    XL:     9   Next: 26%
Magic:  10/18      EV: 14    Int: 18    God:    Okawaru [......]
Gold:   264        SH:  0    Dex: 14    Spells: 13/21 levels left

rFire    . . .     SeeInvis +   P - -2 mace (curse)
rCold    . . .     Gourm    .   (no shield)
rNeg     . . .     Faith    .   E - +0 ring mail
rPois    .         Spirit   .   u - +0 helmet
rElec    .         Reflect  .   (no cloak)
rCorr    .         Harm     .   k - +0 pair of gloves
MR       .....                  (no boots)
Stlth    ++........             (no amulet)
HPRegen  1.21/turn              O - ring of see invisible
MPRegen  0.16/turn              (no ring)

@: shrouded, infused, regenerating (expiring)
A: distributed training, fangs 1, strong nose
a: Renounce Religion


You were on level 6 of the Dungeon.
You worshipped Okawaru.
Okawaru was noncommittal.
You were not hungry.

You visited 2 branches of the dungeon, and saw 7 of its levels.
You also visited: Sewer and Ossuary.

You collected 264 gold pieces.

Inventory:

Hand Weapons
 a - a +0 hand axe
 G - a +0 hunting sling
 N - a +0 falchion
 P - a cursed -2 mace (weapon)
 Q - a +0 morningstar
Missiles
 e - 162 stones (quivered)
 t - 4 javelins
 x - 29 arrows
 A - 44 bolts
Armour
 k - a +0 pair of gloves (worn)
 u - a +0 helmet (worn)
 v - a +0 leather armour of cold resistance
 E - a +0 ring mail (worn)
 R - a +0 helmet
Jewellery
 O - a ring of see invisible (left hand)
Wands
 o - a wand of disintegration (20)
 B - a wand of iceblast (10)
Scrolls
 g - a scroll of acquirement {unknown}
 h - 4 scrolls of amnesia {unknown}
 i - 2 scrolls of random uselessness {unknown}
 m - a scroll of magic mapping
 r - a scroll of noise {unknown}
 y - a scroll of vulnerability {unknown}
 C - 5 scrolls of enchant armour {unknown}
 D - a scroll of immolation {unknown}
 F - 2 scrolls of enchant weapon {unknown}
 M - a scroll of teleportation {unknown}
Potions
 b - 3 potions of agility {unknown}
 f - 2 potions of haste {unknown}
 j - a potion of resistance {unknown}
 l - 4 potions of curing
 n - a potion of flight {unknown}
 p - a potion of berserk rage {unknown}
 w - 5 potions of invisibility
 z - a potion of cancellation {unknown}
 H - 3 potions of ambrosia
 I - a potion of brilliance {unknown}
 J - 3 potions of lignification
 K - a potion of heal wounds
Books
 c - a book of Battle

   Spells                             Type                      Level
   a - Infusion                       Charms                       1
   b - Shroud of Golubria             Charms/Translocation         2
   c - Song of Slaying                Charms                       2
   d - Spectral Weapon                Hexes/Charms                 3
   e - Regeneration                   Charms/Necromancy            3
 q - a book of Cantrips

   Spells                             Type                      Level
   a - Confusing Touch                Hexes                        1
   b - Animate Skeleton               Necromancy                   1
   c - Summon Small Mammal            Summoning                    1
   d - Apportation                    Translocation                1
Comestibles
 d - 6 rations
 L - 3 chunks of flesh


   Skills:
 + Level 6.1 Fighting
 + Level 4.0 Short Blades
 + Level 4.0 Long Blades
 + Level 6.1 Axes
 + Level 4.0 Maces & Flails
 + Level 4.0 Polearms
 + Level 4.0 Staves
 + Level 4.0 Slings
 + Level 4.0 Bows
 + Level 4.0 Crossbows
 + Level 4.0 Throwing
 + Level 4.8 Armour
 + Level 6.1 Dodging
 + Level 4.0 Stealth
 + Level 4.0 Shields
 + Level 4.0 Unarmed Combat
 + Level 6.5 Spellcasting
 + Level 3.3 Conjurations
 + Level 3.3 Hexes
 + Level 6.4 Charms
 + Level 3.3 Summonings
 + Level 3.3 Necromancy
 + Level 3.3 Translocations
 + Level 3.3 Transmutations
 + Level 3.3 Fire Magic
 + Level 3.3 Ice Magic
 + Level 3.3 Air Magic
 + Level 3.3 Earth Magic
 + Level 3.3 Poison Magic
 + Level 4.4 Invocations
 + Level 4.0 Evocations


You had 13 spell levels left.
You knew the following spells:

 Your Spells              Type           Power        Failure   Level  Hunger
a - Infusion              Chrm           ####         1%          1    None
b - Shroud of Golubria    Chrm/Tloc      ###.......   4%          2    None
c - Regeneration          Chrm/Necr      ###.......   9%          3    ##.....
d - Animate Skeleton      Necr           N/A          5%          1    None
e - Apportation           Tloc           ###...       5%          1    None


Dungeon Overview and Level Annotations

Branches:
Dungeon (6/15)             Temple (1/1) D:5

Altars:
Ashenzari
Cheibriados
Elyvilon
Fedhas
Gozag
Hepliaklqana
Kikubaaqudgha
Makhleb
Nemelex Xobeh
Okawaru
Qazlal
Sif Muna
Uskayaw
Vehumet
Wu Jian
Xom
Yredelemnul
Zin
The Shining One

Shops:
D:6 =

Annotations:
D:6 2 transporters


Innate Abilities, Weirdness & Mutations

Your experience applies equally to all skills.
You have very sharp teeth.
Your uncanny sense of smell can sniff out nearby items.


Message History

The orc wizard misses you.
The orc wizard hits you but does no damage.
The orc priest hits you but does no damage.
The orc barely misses you.
You barely miss the orc priest.
You bite the orc priest, but do no damage.
The orc priest is almost dead.
The orc wizard casts a spell at you. The magic dart hits you!
The orc priest mumbles some strange prayers to Beogh against you.
Pain shoots through your body!
* * * LOW HITPOINT WARNING * * *
The orc wizard barely misses you. The orc misses you.
As you read the scroll of fog, it crumbles to dust.
The scroll dissolves into smoke.
Your skin is crawling a little less now.
The orc wizard hits you but does no damage.
The orc priest invokes the aid of Beogh against you.
Beogh smites you!
You die...

#.# #.# #.# #.# #.# ∆ #.#
#.# #.# #.########∆ #.#
#........# . #.#
#.....§§§# ...
#.####...)..§@#.....
####...........oooo.....
................h.......
##.....#.......######...
#................ ..
..#...............
.......###############...#
...[...#8P#5ooKo..#≈8#...#
.##.#..#P.#≈≈≈≈≈≈≈#.P#...#


You could see a black bear, 3 orc priests, an orc wizard, a shadow imp and 2
orcs.

Vanquished Creatures
  The ghost of Artool the Skirmisher, a novice DsGl of Hepliaklqana (D:6)
  Purgy (Sewer)
  An ogre (D:4)
  An ice beast (D:5)
  A bullfrog (D:6)
  12 scorpions
  2 centaur zombies (Ossuary)
  2 human zombies (Ossuary)
  A hound (D:6)
  A bullfrog skeleton (D:4)
  Ijyb (D:3)
  An iguana (D:4)
  4 worker ants
  2 big kobold zombies (Ossuary)
  A hound skeleton (D:4)
  3 mummies (Ossuary)
  Robin (D:2)
  A river rat (D:3)
  6 scorpion zombies (Ossuary)
  9 adders
  2 adder zombies (D:5)
  3 worms
  3 dart slugs (D:1)
  3 leopard geckos
  10 orcs
  A ball python (D:3)
  13 bats
  5 giant cockroaches
  10 hobgoblins
  17 jackals
  6 frilled lizards
  A gnoll zombie (Ossuary)
  17 goblins
  2 goblin zombies (Ossuary)
  2 hobgoblin zombies (Ossuary)
  7 kobolds
  3 kobold zombies (Ossuary)
  An orc zombie (Ossuary)
  14 rats
172 creatures vanquished.

Vanquished Creatures (collateral kills)
  The ghost of montgommery1 the Chopper, an amateur MiFi (D:3)
  An orc wizard (D:4)
  A worm (D:4)
  An orc (D:6)
  A jackal (D:6)
5 creatures vanquished.

Grand Total: 177 creatures vanquished

Notes
Turn   | Place    | Note
-------+----------+-------------------------------------------
     0 | D:1      | Kholdaimon the Gnoll Skald began the quest for the Orb.
     0 | D:1      | Reached XP level 1. HP: 20/20 MP: 6/6
   111 | D:1      | Reached XP level 2. HP: 23/26 MP: 7/7
   447 | D:1      | Reached XP level 3. HP: 25/31 MP: 9/9
   465 | D:1      | Reached skill level 5 in Spellcasting
   750 | D:2      | Learned a level 2 spell: Shroud of Golubria
   754 | D:2      | Learned a level 3 spell: Regeneration
   771 | D:2      | Reached skill level 1 in Invocations
   941 | D:2      | Reached skill level 1 in Short Blades
   941 | D:2      | Reached skill level 1 in Long Blades
   941 | D:2      | Reached skill level 1 in Maces & Flails
   941 | D:2      | Reached skill level 1 in Polearms
   941 | D:2      | Reached skill level 1 in Staves
   941 | D:2      | Reached skill level 1 in Slings
   941 | D:2      | Reached skill level 1 in Bows
   941 | D:2      | Reached skill level 1 in Crossbows
   941 | D:2      | Reached skill level 1 in Throwing
   941 | D:2      | Reached skill level 1 in Stealth
   941 | D:2      | Reached skill level 1 in Shields
   941 | D:2      | Reached skill level 1 in Unarmed Combat
   941 | D:2      | Reached skill level 1 in Evocations
   960 | D:2      | Reached XP level 4. HP: 31/38 MP: 11/11
  1255 | D:2      | Learned a level 1 spell: Animate Skeleton
  1257 | D:2      | Learned a level 1 spell: Apportation
  1516 | D:2      | Noticed Robin
  1539 | D:2      | Killed Robin
  1539 | D:2      | Reached skill level 1 in Conjurations
  1539 | D:2      | Reached skill level 1 in Hexes
  1539 | D:2      | Reached skill level 1 in Summonings
  1539 | D:2      | Reached skill level 1 in Necromancy
  1539 | D:2      | Reached skill level 1 in Translocations
  1539 | D:2      | Reached skill level 1 in Transmutations
  1539 | D:2      | Reached skill level 1 in Fire Magic
  1539 | D:2      | Reached skill level 1 in Ice Magic
  1539 | D:2      | Reached skill level 1 in Air Magic
  1539 | D:2      | Reached skill level 1 in Earth Magic
  1539 | D:2      | Reached skill level 1 in Poison Magic
  1753 | D:3      | Reached XP level 5. HP: 43/43 MP: 12/12
  1835 | D:3      | Found a glowing drain.
  1872 | Sewer    | Entered a sewer
  2019 | Sewer    | Noticed Purgy
  2048 | Sewer    | Killed Purgy
  2048 | Sewer    | Reached XP level 6. HP: 42/50 MP: 0/13
  2397 | D:3      | Noticed Ijyb
  2413 | D:3      | Killed Ijyb
  2823 | D:3      | Noticed montgommery1's ghost (amateur MiFi)
  2849 | D:3      | Killed montgommery1's ghost
  2849 | D:3      | Reached skill level 5 in Fighting
  2849 | D:3      | Reached skill level 5 in Axes
  2849 | D:3      | Reached skill level 5 in Dodging
  2950 | D:3      | Reached XP level 7. HP: 52/56 MP: 15/15
  3063 | D:4      | Found a sand-covered staircase.
  3114 | Ossuary  | Entered an ossuary
  4070 | Ossuary  | Reached XP level 8. HP: 23/63 MP: 1/16
  4446 | Ossuary  | HP: 3/94 [scorpion (6)]
  4453 | Ossuary  | HP: 3/94 [poisoned by a scorpion]
  5722 | D:5      | Entered Level 5 of the Dungeon
  5879 | D:5      | Found a staircase to the Ecumenical Temple.
  5887 | D:5      | Reached XP level 9. HP: 65/69 MP: 10/18
  5890 | Temple   | Entered the Ecumenical Temple
  5925 | Temple   | Became a worshipper of Warmaster Okawaru
  6040 | D:5      | Found a snail-covered altar of Cheibriados.
  6369 | D:6      | Found Oceviut's Jewellery Emporium.
  6381 | D:6      | Found a transporter.
  6382 | D:6      | Noticed a kobold demonologist
  6392 | D:6      | Found a transporter.
  6401 | D:6      | Noticed a kobold demonologist
  6453 | D:6      | Noticed Artool's ghost (novice DsGl)
  6489 | D:6      | Killed Artool's ghost
  6584 | D:6      | Killed from afar by an orc priest

Skill      XL: |  1  2  3  4  5  6  7  8  9 |
---------------+----------------------------+-----
Spellcasting   | 5 6 |  6.5
Invocations    | 1 2 3 4 |  4.4
Short Blades   | 1 2 3 4 |  4.0
Long Blades    | 1 2 3 4 |  4.0
Maces & Flails | 1 2 3 4 |  4.0
Polearms       | 1 2 3 4 |  4.0
Staves         | 1 2 3 4 |  4.0
Slings         | 1 2 3 4 |  4.0
Bows           | 1 2 3 4 |  4.0
Crossbows      | 1 2 3 4 |  4.0
Throwing       | 1 2 3 4 |  4.0
Stealth        | 1 2 3 4 |  4.0
Shields        | 1 2 3 4 |  4.0
Unarmed Combat | 1 2 3 4 |  4.0
Evocations     | 1 2 3 4 |  4.0
Conjurations   | 1 2 3 |  3.3
Hexes          | 1 2 3 |  3.3
Summonings     | 1 2 3 |  3.3
Necromancy     | 1 2 3 |  3.3
Translocations | 1 2 3 |  3.3
Transmutations | 1 2 3 |  3.3
Fire Magic     | 1 2 3 |  3.3
Ice Magic      | 1 2 3 |  3.3
Air Magic      | 1 2 3 |  3.3
Earth Magic    | 1 2 3 |  3.3
Poison Magic   | 1 2 3 |  3.3
Armour         | 3 4 |  4.8
Fighting       | 5 6 |  6.1
Axes           | 5 6 |  6.1
Dodging        | 5 6 |  6.1
Charms         | 6 |  6.4

Action                   |  1- 3 |  4- 6 |  7- 9 || total
-------------------------+-------+-------+-------++-------
Melee: Hand axe          |   133 |   245 |   335 ||   713
       Bite              |    12 |    18 |    51 ||    81
       Punch             |       |     3 |     5 ||     8
       Mace              |       |       |   138 ||   138
 Fire: Hunting sling     |       |       |     8 ||     8
Throw: Stone             |       |       |     3 ||     3
 Cast: Shroud of Golubri |     1 |    10 |    21 ||    32
       Infusion          |     1 |     5 |    16 ||    22
       Regeneration      |     1 |     4 |    13 ||    18
       Animate Skeleton  |       |    18 |    18 ||    36
  Use: Scroll            |       |     4 |     7 ||    11
       Potion            |       |       |     7 ||     7
 Stab: Sleeping          |       |     6 |     3 ||     9
       Distracted        |       |     1 |     1 ||     2
       Invisible         |       |       |     3 ||     3
  Eat: Chunk             |       |     8 |     7 ||    15
       Ration            |       |       |     2 ||     2
Armor: Leather armour    |    27 |    72 |       ||    99
       Ring mail         |       |       |   190 ||   190
       Skin              |       |       |    25 ||    25
Dodge: Dodged            |   109 |   190 |   367 ||   666
